 Dungeon Crawl Stone Soup version 0.17.0-28-g6e173f8 (webtiles) character file.

203 lorenzova the Conjurer (level 5, -3/28 HPs)
             Began as a Deep Elf Conjurer on Nov 29, 2015.
             Slain by a gnoll
             ... wielding a +0 halberd
              (15 damage)
             ... on level 3 of the Dungeon.
             The game lasted 00:07:25 (2767 turns).

lorenzova the Conjurer (Deep Elf Conjurer)          Turns: 2767, Time: 00:07:25

Health: -3/28      AC:  3    Str:  5    XL:     5   Next: 51%
Magic:  1/15       EV: 13    Int: 21    God:
Gold:   94         SH:  0    Dex: 20    Spells: 2 memorised, 10 levels left

rFire  . . .     SeeInvis .     u - +1 dagger (drain)
rCold  . . .     Clarity  .     a - +0 robe
rNeg   . . .     SustAt   .     (no shield)
rPois  .         Gourm    .     r - +0 helmet
rElec  .         Spirit   .     (no cloak)
rCorr  .         Warding  .     (no gloves)
rMut   .         Stasis   .     (no boots)
MR     .....                    (no amulet)
Stlth  ++........               (no ring)
                                k - +5 ring of dexterity

@: not resistant to hostile enchantments, unstealthy
A: no striking features
a: no special abilities


You were on level 3 of the Dungeon.
You were not hungry.

You visited 1 branch of the dungeon, and saw 3 of its levels.

You collected 94 gold pieces.

Inventory:

Hand Weapons
 u - a +1 dagger of draining (weapon)
Armour
 a - a +0 robe (worn)
 r - a +0 helmet (worn)
Jewellery
 k - a +5 ring of dexterity (left hand)
Wands
 t - a wand of disintegration (2)
Scrolls
 d - 4 scrolls of teleportation {unknown}
 f - a scroll of fear {unknown}
 h - a scroll of random uselessness {unknown}
 l - 4 scrolls of identify {unknown}
 p - a scroll of immolation {unknown}
 q - a scroll of remove curse {unknown}
Potions
 e - 3 potions of heal wounds {unknown}
 g - 2 potions of agility {unknown}
 m - a potion of brilliance {unknown}
 n - a potion of haste {unknown}
 o - a potion of curing {unknown}
 s - a potion of flight {unknown}
 v - a potion of poison {unknown}
Books
 b - a book of Conjurations

   Spells                             Type                      Level
   a - Magic Dart                     Conjuration                  1
   b - Searing Ray                    Conjuration                  2
   c - Dazzling Spray                 Conjuration/Hexes            3
   d - Fulminant Prism                Conjuration/Hexes            4
   e - Iskenderun's Mystic Blast      Conjuration                  4
   f - Iskenderun's Battlesphere      Conjuration/Charms           5
Comestibles
 c - a bread ration
 i - a beef jerky
 j - 4 meat rations
 w - a chunk of flesh


   Skills:
 - Level 2.4 Dodging
 - Level 2.4 Stealth
 + Level 5.8 Spellcasting
 + Level 6.2 Conjurations


You had 10 spell levels left.
You knew the following spells:

 Your Spells              Type           Power        Failure   Level  Hunger
a - Magic Dart            Conj           ####         1%          1    None
b - Iskenderun's Mystic   Conj           ####....     10%         4    ####...


Dungeon Overview and Level Annotations

Branches:
Dungeon (3/15)

Altars:

Annotations:
D:3 Terence


Message History

You don't have enough magic to cast that spell.
A gnoll is nearby!
Casting: Iskenderun's Mystic Blast
Confirm with . or Enter, or press ? or * to list all spells.
Aiming: Magic Dart
Press: ? - help, Shift-Dir - straight line, f - gnoll
Aim: a gnoll, wielding a halberd The magic dart hits the gnoll.
The gnoll is lightly wounded.
The gnoll barely misses you.
Casting: Magic Dart
Confirm with . or Enter, or press ? or * to list all spells.
Aiming: Magic Dart
Press: ? - help, Shift-Dir - straight line, f/p - gnoll
Aim: a gnoll, wielding a halberd (lightly wounded)
The magic dart hits the gnoll.
The gnoll is moderately wounded.
The gnoll hits you from afar with a halberd!
Ouch! That really hurt!
You die...

#.# ######...# #.###.# #.#
#....'...# ###.....######
#.#######.####...###...#...).....
.......................#...######
#.#####.#####...####...#.........
................)..........>.###.
#.#####.#####..g####.#.#...l.....
#.#####.#####......).#.#......##.
#.....#.@.@.#.)#@................
#.....#.....#..#.#####..#.#.####.
......#...................#......
#.....##.........#####...##.####.
#.#.####.....†#.######.#.......#.
#.#.# #....................#.##.
#.#.# #.....##.######..#...#....
#.#.# #.....##....# #......#...#
#.#.# #.....#####.# #.##...#####


You could see a gnoll.

Vanquished Creatures
  The ghost of Barrydekale the Magician, an amateur DEWz (D:3)
  A jelly (D:3)
  2 gnolls (D:3)
  2 adders
  2 worms
  3 giant geckos
  A ball python (D:2)
  3 bats
  4 giant cockroaches
  7 hobgoblins
  2 jackals (D:1)
  2 quokkas
  3 giant newts
  9 goblins
  9 kobolds
  4 rats
55 creatures vanquished.

Notes
Turn   | Place    | Note
--------------------------------------------------------------
     0 | D:1      | lorenzova the Deep Elf Conjurer began the quest for the Orb.
     0 | D:1      | Reached XP level 1. HP: 10/10 MP: 6/6
   379 | D:1      | Reached XP level 2. HP: 15/15 MP: 2/8
   956 | D:2      | Reached XP level 3. HP: 19/19 MP: 8/10
  1071 | D:2      | Reached skill level 5 in Conjurations
  1864 | D:3      | Reached XP level 4. HP: 24/24 MP: 8/12
  1870 | D:3      | Learned a level 4 spell: Iskenderun's Mystic Blast
  2143 | D:3      | Noticed Barrydekale's ghost (amateur DEWz)
  2199 | D:3      | Reached skill level 5 in Spellcasting
  2229 | D:3      | Killed Barrydekale's ghost
  2229 | D:3      | Reached XP level 5. HP: 28/28 MP: 1/15
  2364 | D:3      | Noticed Terence
  2615 | D:2      | Reached skill level 6 in Conjurations
  2767 | D:3      | Slain by a gnoll

Action                   |  1- 3 |  4- 6 || total
-------------------------+-------+-------++-------
Melee: Dagger            |     1 |     1 ||     2
 Cast: Magic Dart        |    86 |    40 ||   126
       Iskenderun's Myst |       |     5 ||     5
 Stab: Sleeping          |     1 |     1 ||     2
  Eat: Chunk             |     3 |     2 ||     5
       Pizza             |       |     1 ||     1
